 Dungeon Crawl Stone Soup version 0.28-a0-1518-gbe868bca14 (webtiles) character file.

Game seed: 16550713754827075893

83 Crownlay the Chopper (level 4, -4/40 HPs)
             Began as a Hill Orc Fighter on Jan 16, 2022.
             Was an Initiate of Okawaru.
             Slain by Natasha (5 damage)
             ... on level 3 of the Dungeon.
             The game lasted 00:02:54 (2205 turns).

Crownlay the Chopper (Hill Orc Fighter)             Turns: 2205, Time: 00:02:54

Health: -4/40      AC:  6    Str: 20    XL:     4   Next: 44%
Magic:  4/4        EV:  9    Int:  8    God:    Okawaru [......]
Gold:   122        SH:  4    Dex: 10    Spells: 3/3 levels left

rFire   . . .      SeeInvis .   a - +0 war axe
rCold   . . .      Faith    +   c - +0 buckler
rNeg    . . .      Spirit   .   b - +0 scale mail
rPois   .          Reflect  .   (no helmet)
rElec   .          Harm     .   (no cloak)
rCorr   .          Rampage  .   (no gloves)
Will    .....                   (no boots)
Stlth   ..........              h - amulet of faith
HPRegen 0.13/turn               (no ring)
MPRegen 0.09/turn               (no ring)

@: mighty, slowed, very slow
A: no striking features
a: Renounce Religion


You were on level 3 of the Dungeon.
You worshipped Okawaru.
Okawaru was noncommittal.
You visited 1 branch of the dungeon, and saw 3 of its levels.

You collected 122 gold pieces.

Inventory:

Hand Weapons
 a - a +0 war axe (weapon)
Armour
 b - a +0 scale mail (worn)
 c - a +0 buckler (worn)
Jewellery
 h - an amulet of faith (around neck)
Scrolls
 j - a scroll of identify {unknown}
Potions
 e - a potion of lignification {unknown}
 f - a potion of invisibility {unknown}
 g - a potion of curing {unknown}
 i - a potion of haste {unknown}


   Skills:
 + Level 3.7 Fighting
 * Level 5.3 Axes
 - Level 3.2 Armour
 - Level 4.0 Shields
 + Level 0.2 Invocations


You had 3 spell levels left.
You didn't know any spells.
Your spell library contained the following spells:

 Spells                   Type           Power      Damage    Failure   Level
 Slow                     Hex            0%         N/A       85%         1
 Ensorcelled Hibernation  Hex/Ice        0%         N/A       94%         2
 Passwall                 Tmut/Erth      0%         N/A       94%         2
 Confusing Touch          Hex            0%         N/A       99%         3
 Swiftness                Air            0%         N/A       99%         3
 Vampiric Draining        Necr           0%         2d6       99%         3


Dungeon Overview and Level Annotations

Branches:
Dungeon (3/15)

Altars:
Dithmenos
Okawaru
Qazlal

Annotations:
D:3 Natasha


Message History

You hit Natasha but do no damage.
Natasha is moderately wounded.
You closely miss the crimson imp. Natasha completely misses you.
The crimson imp hits you.
* * * LOW HITPOINT WARNING * * *
Natasha claws you.
* * * LOW HITPOINT WARNING * * *
The crimson imp barely misses you.
The white imp hits you but does no damage.
Okay, then.
Okay, then.
Okay, then.
You feel very mighty all of a sudden. You block Natasha's attack.
The crimson imp closely misses you. You block the white imp's attack.
Natasha barely misses you.
The crimson imp hits you but does no damage.
You barely miss Natasha.
Natasha is moderately wounded.
You hit the white imp. You slash the crimson imp!
The white imp completely misses you.
Natasha mumbles some strange words.
Natasha glows brightly for a moment.
Natasha claws you.
* * * LOW HITPOINT WARNING * * *
The crimson imp hits you but does no damage.
The white imp hits you but does no damage.
Natasha claws you.
* * * LOW HITPOINT WARNING * * *
You closely miss Natasha.
Natasha is moderately wounded.
You closely miss the white imp. You slash the crimson imp!
You kill the crimson imp!
The crimson imp disappears in a puff of smoke!
The white imp gestures at you. The puff of frost hits you.
* * * LOW HITPOINT WARNING * * *
Natasha closely misses you.
The white imp hits you but does no damage.
Natasha claws you.
You die...

#...#§§§§§§§§.#.....≈...^
###...§...........(......
#..§..._.........§_.§..
#........§§.....§§≈§§..
###.§...§§.§###..§§.≈..
##§...§§§## #........
##§...§## ####.....
####§5.## ###### #..h@..#
#..†#### #... .....
#.###.. # #.. #.. #..


You could see Natasha and a white imp (summoned).

Vanquished Creatures
  A gnoll (D:3)
  An adder (D:2)
  A dart slug (D:1)
  2 orcs (D:3)
  8 ball pythons
  3 endoplasms
  A giant cockroach (D:1)
  5 goblins
  5 hobgoblins (D:1)
  7 jackals (D:1)
  6 kobolds
  A quokka (D:1)
  6 bats
  2 frilled lizards (D:1)
  4 rats
53 creatures vanquished.

Notes
Turn   | Place    | Note
-------+----------+-------------------------------------------
     0 | D:1      | Crownlay the Hill Orc Fighter began the quest for the Orb.
     0 | D:1      | Reached XP level 1. HP: 19/19 MP: 1/1
    72 | D:1      | Reached skill level 3 in Axes
   213 | D:1      | Reached XP level 2. HP: 26/26 MP: 2/2
   602 | D:1      | Reached skill level 4 in Axes
   718 | D:1      | Reached XP level 3. HP: 31/31 MP: 3/3
  1514 | D:2      | Found a faded altar of an unknown god.
  1832 | D:3      | Found an iron altar of Okawaru.
  1837 | D:3      | Reached XP level 4. HP: 36/39 MP: 4/4
  1841 | D:3      | Reached skill level 5 in Axes
  1856 | D:3      | Became a worshipper of Warmaster Okawaru
  2131 | D:3      | Found a shadowy altar of Dithmenos.
  2149 | D:3      | Found a stormy altar of Qazlal.
  2193 | D:3      | Noticed Natasha
  2204 | D:3      | HP: 2/40 [Natasha (1)]
  2205 | D:3      | Slain by Natasha

Illustrated notes

Levels and vault maps discovered:
D:1:      dpeg_arrival_more_subterranean_lakeside_camping, layout_basic
D:2:      layout_loops_cross, hellmonk_ecumenical_altar_zigzags
D:3:      layout_basic, nicolae_qazlal_scattered_showers,
          okawaru_altar_gauntlet_db, nicolae_dithmenos_the_darkroom,
          uniq_terence, uniq_natasha

Skill      XL: |  1  2  3  4 |
---------------+-------------+-----
Axes           | 3 4 5 |  5.3
Shields        | 4 |  4.0
Fighting       | |  3.7
Armour         | |  3.2
Invocations    | |  0.2

Action                   |  1- 3 |  4- 6 || total
-------------------------+-------+-------++-------
Melee: War axe           |   126 |    27 ||   153
  Use: Potion            |       |     1 ||     1
Armor: Scale mail        |    72 |    12 ||    84
Dodge: Dodged            |    67 |    14 ||    81
Block: Buckler           |    42 |     8 ||    50

Table legend: (Time is in decaauts)
 A = Elapsed time spent in this place.
 B = Non-inter-level travel time spent in this place.
 C = Inter-level travel time spent in this place.
 D = Time resting spent in this place.
 E = Time spent auto-exploring this place.
 F = Levels seen in this place.
 G = Mean time per level.
                   A        B        C        D        E       F      G
               +--------+--------+--------+--------+--------+-----+--------+
         Total |   2261 |   2211 |     50 |      0 |   1829 |   3 |  753.7 |
       Dungeon |   2261 |   2211 |     50 |      0 |   1829 |   3 |  753.7 |
               +--------+--------+--------+--------+--------+-----+--------+

Top non-repeatable levels by time:
     D:1: 1098 daAuts
     D:2: 722 daAuts
     D:3: 440 daAuts
